 Dungeon Crawl Stone Soup version 0.29-a0-982-gaed3a0c8d8 (webtiles) character file.

Game seed: 5846437817936407133

18323 viperstalker the Carver (level 12, -7/109 HPs)
             Began as a Palentonga Fighter on Aug 1, 2022.
             Was an Initiate of Yredelemnul.
             Mangled by a black mamba (10 damage)
             ... on level 2 of the Lair of Beasts.
             The game lasted 00:28:22 (16241 turns).

viperstalker the Carver (Palentonga Fighter)       Turns: 16241, Time: 00:28:23

Health: -7/109     AC: 22    Str: 21    XL:     12   Next: 26%
Magic:  12/12      EV:  6    Int: 13    God:    Yredelemnul [......]
Gold:   1413       SH:  0    Dex: 22    Spells: 11/11 levels left

rFire   . . .      SeeInvis +   F - +7 great sword of Spite {venom, rPois rC+ Str-3 Dex+6}
rCold   + . .      Faith    .   (shield currently unavailable)
rNeg    . . .      Spirit   .   C - +0 plate armour
rPois   +          Reflect  .   h - +0 helmet
rElec   .          Harm     .   (no cloak)
rCorr   .          Rampage  .   i - +0 pair of gloves
Will    .....                   (no barding)
Stlth   ..........              (no amulet)
HPRegen 0.28/turn               p - ring of Beauty {Int+4 Dex+6}
MPRegen 0.13/turn               (no ring)

@: lethally poisoned (-7 -> -27), curled up
A: large, rugged brown scales 3, see invisible, deformed body, roll 1, armoured
tail, reflexive curl, camouflage 1, robust 1, MP-powered wands
a: Rolling Charge, Renounce Religion, Recall Undead Harvest


You were on level 2 of the Lair of Beasts.
You worshipped Yredelemnul.
Yredelemnul was noncommittal.
You visited 2 branches of the dungeon, and saw 12 of its levels.

You collected 1712 gold pieces.
You spent 299 gold pieces at shops.

Inventory:

Hand Weapons
 a - a +1 war axe of protection
 g - a +6 spear
 n - a +0 short sword of flaming
 F - the +7 great sword of Spite (weapon) {venom, rPois rC+ Str-3 Dex+6}
   (You acquired it on level 1 of the Lair of Beasts)

   It poisons the flesh of those it strikes.
   Str:       It affects your strength (-3).
   Dex:       It affects your dexterity (+6).
   rC:        It protects you from cold.
   rPois:     It protects you from poison.
Missiles
 k - 4 throwing nets
Armour
 b - a +0 scale mail
 c - a +0 buckler
 f - a +1 chain mail
 h - a +0 helmet (worn)
 i - a +0 pair of gloves (worn)
 C - a +0 plate armour (worn)
Jewellery
 d - an amulet of regeneration
 l - an amulet of guardian spirit
 p - the ring of Beauty (left hand) {Int+4 Dex+6}
   (You found it on level 2 of the Dungeon)

   [ring of dexterity]

   Int:       It affects your intelligence (+4).
   Dex:       It affects your dexterity (+6).
 t - an amulet of magic regeneration
 u - a ring of protection from fire
 v - a ring of willpower
 z - a ring of resist corrosion
Wands
 w - a wand of flame (19)
 y - a wand of paralysis (5)
 D - a wand of acid (2)
Scrolls
 j - 3 scrolls of fog
 m - 6 scrolls of identify
 s - a scroll of amnesia
 x - a scroll of poison
 E - a scroll of magic mapping
Potions
 e - 3 potions of might
 q - 2 potions of flight
 A - 2 potions of brilliance
 B - 3 potions of berserk rage


   Skills:
 + Level 8.9 Fighting
 + Level 13.2 Long Blades
 + Level 2.0(3.5) Axes
 + Level 4.0(4.2) Polearms
 + Level 9.2 Armour
 + Level 3.4 Dodging
 + Level 2.5 Stealth
 + Level 3.2 Shields
 + Level 1.5 Evocations


You had 11 spell levels left.
You didn't know any spells.
Your spell library contained the following spells:

 Spells                   Type           Power      Damage    Failure   Level
 Freeze                   Ice            0%         1d3       99%         1
 Shock                    Conj/Air       0%         1d3       99%         1
 Sting                    Tmut/Pois      0%         1d3       99%         1
 Summon Small Mammal      Summ           0%         N/A       99%         1
 Poisonous Vapours        Pois/Air       0%         N/A       100%        2
 Scorch                   Fire           0%         2d5       100%        2
 Call Canine Familiar     Summ           0%         N/A       100%        3
 Frozen Ramparts          Ice            0%         1d8       100%        3
 Gell's Gravitas          Tloc           0%         N/A       100%        3
 Lesser Beckoning         Tloc           0%         N/A       100%        3
 Summon Guardian Golem    Hex/Summ       0%         N/A       100%        3
 Swiftness                Air            0%         N/A       100%        3
 Teleport Other           Tloc           0%         N/A       100%        3
 Airstrike                Air            0%         0-1+      100%        4
 Flame Wave               Conj/Fire      0%         2d4       100%        4
 Hailstorm                Conj/Ice       0%         3d3       100%        4
 Olgreb's Toxic Radiance  Pois           0%         N/A       100%        4
 Summon Cactus Giant      Summ           0%         N/A       100%        6
 Haunt                    Necr/Summ      0%         N/A       100%        7
 Infestation              Necr           0%         N/A       100%        8
 Animate Dead             Necr           Unusable   N/A       N/A         4

Dungeon Overview and Level Annotations

Branches:
Dungeon (10/15)            Temple (0/1) D:7            Lair (2/5) D:8
  Swamp (0/4) Lair:2
  Snake: Lair:2-3    Spider: Lair:2-3       Orc: D:9-12

Altars:
Cheibriados
Dithmenos
Elyvilon
Fedhas
Gozag
Kikubaaqudgha
Nemelex Xobeh
Okawaru
Qazlal
Ru
Uskayaw
Vehumet
Wu Jian
Yredelemnul
Zin

Shops:
D:1 (   D:2 !   D:6 ?

Annotations:
D:3 3 runed translucent doors, vurker's ghost, amateur VSEn


Innate Abilities, Weirdness & Mutations

You are completely covered in rugged brown scales. (AC +3, +7% HP)
You have supernaturally acute eyesight. (SInv)
Armour fits poorly on your strangely shaped body.
You can roll at nearby foes to attack.
You have a long armoured tail.
You curl defensively after being hit. (AC +7*)
Your skin changes colour to match your surroundings (Stealth+).
You are robust. (+10% HP)
You expend magic power (3 MP) to strengthen your wands.


Message History

You are encased in ice.
The elephant tramples the plant!!
The elephant trunk-slaps the plant.
Okay, then.
The wolf attacks as you move away! The wolf bites you but does no damage.
The wolf barely misses you. The wolf bites you.
The wolf attacks as you move away! The wolf bites you but does no damage.
A nearby plant withers and dies.
The black mamba bites you but does no damage.
The black mamba barely misses you. The wolf bites you but does no damage.
The black mamba attacks as you move away!
The black mamba bites you!
* * * LOW HITPOINT WARNING * * *
The rime drake bites you but does no damage.
The black mamba barely misses you. The ice encasing you melts away.
The black mamba bites you but does no damage.
The rime drake breathes ice at you. The flash freeze hits you!
You partially resist.
* * * LOW HITPOINT WARNING * * *
You are encased in ice.
The black mamba bites you but does no damage.
Okay, then.
You open the door. The black mamba barely misses you. The rime drake bites you.
* * * LOW HITPOINT WARNING * * *
Found 23 gold pieces.
The black mamba bites you but does no damage.
The wolf bites the fungus!
The fungus begins to die.
The black mamba bites you but does no damage.
The rime drake completely misses you.
You closely miss the black mamba.
The black mamba is almost dead.
The ice encasing you melts away.
The wolf bites the fungus.
The black mamba bites you!
* * * LOW HITPOINT WARNING * * *
You are lethally poisoned!
The black mamba poisons you!
The rime drake bites you but does no damage.
The wolf bites the fungus.
The black mamba bites you!
You die...
Your body rises from the dead as a mindless zombie.

#......#...
#.#.#.##...
#..........
#.#..#.#.####
#............
#..........
#.#..........
#..#.#PY#+####.
#....hS@.......
#......k.).#.##+
##......#......
##.....#.......
#......#.......
##.............
#.......$.....
#.....#+######


You could see an elephant (very poisoned), a black mamba, a rime drake and a
wolf.

Vanquished Creatures
  Harold (D:10)
  A two-headed ogre (D:10)
  A centaur warrior (D:10)
  A torpor snail (Lair:1)
  A cane toad (Lair:1)
  A black mamba (Lair:1)
  An elephant (Lair:2)
  An unseen horror (D:10)
  2 komodo dragons
  A troll (D:7)
  3 blink frogs (Lair:1)
  3 slime creatures (D:10)
  Sigmund (D:5)
  24 yaks
  A wyvern (D:8)
  A vampire (D:10)
  A wraith (D:10)
  5 water moccasins
  2 black bears
  2 ice beasts
  An orc warrior (D:8)
  2 sky beasts
  12 wolves (Lair:1)
  4 centaurs
  A phantom (D:5)
  A kobold brigand (D:8)
  4 necrophages
  9 bullfrogs
  A gnoll sergeant (D:9)
  4 scorpions
  8 wights
  6 killer bees (D:9)
  A howler monkey (D:5)
  5 centaur zombies (D:10)
  Crazy Yiuf (D:5)
  3 orc priests
  A human zombie (D:10)
  A gnoll bouda (D:6)
  3 hounds (Lair:1)
  A jelly (D:6)
  3 iguanas
  An orc wizard (D:7)
  Terence (D:2)
  3 mummies (D:10)
  9 gnolls
  8 adders
  2 white imps (D:6)
  A worm (D:2)
  2 dart slugs
  18 orcs
  6 ball pythons
  6 endoplasms
  5 giant cockroaches
  4 goblins
  7 hobgoblins
  4 quokkas
  7 bats
  5 frilled lizards
  14 kobolds
  2 rats
  A bush (D:6)
232 creatures vanquished.

Vanquished Creatures (collateral kills)
  A black mamba (Lair:1)
  An elephant (Lair:2)
  2 komodo dragons (Lair:1)
  A troll (D:10)
  A blink frog (Lair:1)
  A slime creature (D:10)
  5 yaks
  2 basilisks (Lair:1)
  4 wolves (Lair:1)
  A wight (D:8)
  A hound (Lair:1)
  2 orcs (D:7)
  2 kobolds (D:8)
24 creatures vanquished.

Vanquished Creatures (others)
  A black mamba zombie (Lair:1)
  2 blink frog zombies (Lair:1)
  A human zombie (D:10)
  A torpor snail zombie (Lair:1)
  A water moccasin zombie (Lair:1)
  A yak zombie (Lair:1)
  6 wolf zombies (Lair:1)
  3 bullfrog zombies
  2 centaur zombies
  A black bear zombie (D:8)
  2 basilisk zombies (Lair:1)
  3 killer bee zombies (D:9)
  An ice beast zombie (D:7)
  A kobold zombie (D:8)
  14 fungi
  12 plants
52 creatures vanquished.

Grand Total: 308 creatures vanquished

Notes
Turn   | Place    | Note
-------+----------+-------------------------------------------
     0 | D:1      | viperstalker the Palentonga Fighter began the quest for the
                  | Orb.
     0 | D:1      | Reached XP level 1. HP: 19/19 MP: 1/1
   140 | D:1      | Found Piasm's Antique Weapon Shoppe.
   226 | D:1      | You fall into a shaft and drop 1 floor!
   229 | D:2      | Noticed Terence
   232 | D:2      | Reached XP level 2. HP: 25/25 MP: 2/2
   239 | D:2      | Gained mutation: You are robust. (+10% HP) [potion of
                  | mutation]
   239 | D:2      | Gained mutation: You expend magic power (3 MP) to
                  | strengthen your wands. [potion of mutation]
   239 | D:2      | Gained mutation: Your skin changes colour to match your
                  | surroundings (Stealth+). [potion of mutation]
   246 | D:2      | Killed Terence
   247 | D:2      | Reached XP level 3. HP: 11/33 MP: 3/3
   933 | D:1      | Found a faded altar of an unknown god.
   948 | D:1      | Got Plato's Octavo of the Fifth Circle
  1029 | D:1      | Reached skill level 1 in Polearms
  1045 | D:2      | Reached XP level 4. HP: 40/40 MP: 4/4
  1070 | D:2      | Found Faguibb's Distillery.
  1209 | D:2      | Identified the ring of Beauty {Int+4 Dex+6}
  1311 | D:2      | Reached skill level 1 in Dodging
  1999 | D:3      | Noticed a kobold brigand
  1999 | D:3      | Noticed vurker's ghost (amateur VSEn)
  2001 | D:3      | Found a runed translucent gate.
  2001 | D:3      | Found a runed translucent gate.
  2002 | D:3      | Found a runed translucent gate.
  2083 | D:3      | Reached XP level 5. HP: 46/47 MP: 5/5
  2269 | D:3      | Found a sparkling altar of Nemelex Xobeh.
  2269 | D:3      | Found a shadowy altar of Dithmenos.
  2292 | D:3      | Found a stormy altar of Qazlal.
  2694 | D:4      | Noticed a sky beast
  2709 | D:4      | Killed a sky beast
  2710 | D:4      | Reached XP level 6. HP: 56/56 MP: 6/6
  3012 | D:4      | Identified a scroll of acquirement
  3012 | D:4      | Acquired 876 gold pieces
  3079 | D:1      | Bought a scorched great sword for 299 gold pieces
  3079 | D:1      | Identified the +5 great sword "Xisaism" {antimagic, Fragile
                  | rPois rF+++ Dex-2} (You bought it in a shop on level 1 of
                  | the Dungeon)
  3151 | D:5      | Entered Level 5 of the Dungeon
  3231 | D:5      | Reached skill level 1 in Long Blades
  3245 | D:5      | Noticed a sky beast
  3255 | D:5      | Killed a sky beast
  3256 | D:5      | Gained mutation: You curl defensively after being hit. (AC
                  | +7*) [Palentonga growth]
  3256 | D:5      | Reached XP level 7. HP: 64/64 MP: 2/7
  3283 | D:5      | Reached skill level 2 in Long Blades
  3663 | D:5      | Found a runed translucent door.
  3663 | D:5      | Noticed Crazy Yiuf
  3672 | D:5      | Killed Crazy Yiuf
  3693 | D:5      | Reached skill level 3 in Long Blades
  4192 | D:5      | Noticed Sigmund
  4197 | D:5      | Killed Sigmund
  4198 | D:5      | Reached skill level 4 in Long Blades
  4198 | D:5      | Reached XP level 8. HP: 71/71 MP: 2/8
  4552 | D:6      | Reached skill level 5 in Long Blades
  4640 | D:6      | Found a blossoming altar of Fedhas.
  4660 | D:6      | Reached skill level 5 in Fighting
  4953 | D:6      | Found Jykkil's Magic Scroll Emporium.
  5009 | D:6      | Found an opulent altar of Gozag.
  5278 | D:6      | Reached skill level 6 in Long Blades
  5283 | D:6      | Reached skill level 5 in Armour
  5686 | D:6      | Found a basalt altar of Yredelemnul.
  5695 | D:6      | Became a worshipper of Yredelemnul the Dark
  5808 | D:6      | Found a white marble altar of Elyvilon.
  6163 | D:7      | Found a staircase to the Ecumenical Temple.
  6230 | D:7      | Reached * piety under Yredelemnul
  6231 | D:7      | Reached skill level 7 in Long Blades
  6314 | D:7      | Found a hide-covered altar of Uskayaw.
  6332 | D:7      | Reached XP level 9. HP: 80/80 MP: 3/9
  6815 | D:7      | Found a snail-covered altar of Cheibriados.
  7347 | D:8      | Reached skill level 8 in Long Blades
  7362 | D:8      | Noticed a komodo dragon
  7379 | D:8      | Killed a komodo dragon
  7492 | D:8      | Found a staircase to the Lair.
  7697 | D:8      | Reached skill level 1 in Stealth
  8154 | D:8      | Reached ** piety under Yredelemnul
  8264 | D:8      | Reached skill level 9 in Long Blades
  8820 | D:7      | Reached XP level 10. HP: 82/90 MP: 3/10
  9428 | D:7      | Reached skill level 10 in Long Blades
  9855 | D:9      | Found a radiant altar of Vehumet.
  9957 | D:9      | Found an ornate altar of the Wu Jian Council.
 10903 | D:9      | Found a sacrificial altar of Ru.
 11142 | D:10     | Entered Level 10 of the Dungeon
 11300 | D:10     | Found an ancient bone altar of Kikubaaqudgha.
 11326 | D:10     | Reached skill level 11 in Long Blades
 11326 | D:10     | Reached XP level 11. HP: 78/98 MP: 3/11
 11455 | D:10     | Noticed a two-headed ogre
 11684 | D:10     | Noticed Harold
 11685 | D:10     | Noticed a centaur warrior
 11777 | D:10     | Killed Harold
 11803 | D:10     | Your ally Harold died
 11809 | D:10     | Killed a two-headed ogre
 11879 | D:10     | Killed a centaur warrior
 12467 | D:10     | Reached skill level 1 in Evocations
 13199 | D:10     | Found a glowing silver altar of Zin.
 13200 | D:10     | Noticed an angel
 13398 | D:10     | Found an iron altar of Okawaru.
 13535 | Lair:1   | Entered Level 1 of the Lair of Beasts
 13565 | Lair:1   | Reached skill level 12 in Long Blades
 13903 | Lair:1   | You fall into a shaft and drop 1 floor!
 14630 | Lair:1   | Reached *** piety under Yredelemnul
 14813 | Lair:1   | Reached XP level 12. HP: 85/109 MP: 4/12
 15233 | Lair:1   | Reached skill level 13 in Long Blades
 15904 | Lair:1   | Acquired the +7 great sword of Spite {venom, rPois rC+
                  | Str-3 Dex+6}
 15993 | Lair:2   | Found a staircase to the Swamp.
 16241 | Lair:2   | HP: 3/109 [black mamba (7)]
 16241 | Lair:2   | Mangled by a black mamba

Illustrated notes

Levels and vault maps discovered:
D:1:      dpeg_arrival_stonehenge_8_columns, layout_basic, serial_shops,
          nicolae_shop_stone, shapermc_ecumenical_altar_rom_forum,
          minmay_tromino_v7
D:2:      layout_rooms, serial_shops, shop, minmay_quadrilaterals, uniq_terence
D:3:      layout_loops_ring, gammafunk_temple_overflow_forgotten,
          gammafunk_ghost_nasty_kobolds
D:4:      layout_cave_pools, serial_rivers, chequers_serial_rivers_room_b,
          chequers_serial_rivers_large_b, chequers_serial_rivers_micro_a,
          chequers_serial_rivers_micro_c, chequers_serial_rivers_small_b
D:5:      nicolae_cairo_tiling_very_big, layout_basic, uniq_sigmund,
          uniq_crazy_yiuf_cottage
D:6:      minmay_chambers_of_threes, layout_basic, kennysheep_ying_yang,
          fedhas_bush_and_centaur_altar, mainiacjoe_overflow_small_starburst,
          serial_shops, shop, serial_glass, glass_columns_b, glass_columns_b
D:7:      layout_loops_ring, mainiacjoe_overflow_paths, lemuel_round_altar,
          lemuel_temple_firewalk_b, grunt_decor_resistance
D:8:      layout_cave_pools, grunt_lair_entry_orc_guard_hut
D:9:      layout_cave_pools, kennysheep_mini, nicolae_wu_jian_wuxing_cycle,
          vehumet_altar_wand_db, kennysheep_another_room
D:10:     layout_rooms, okawaru_altar_gauntlet_db,
          lemuel_mausoleum_altar_kikubaaqudgha, zin_angel, uniq_harold
Lair:1:   beast_lair_carwin_large_4, layout_long_grid
Lair:2:   layout_chaotic_city, swamp_mist

Skill      XL: |  1  2  3  4  5  6  7  8  9 10 11 12 |
---------------+-------------------------------------+-----
Shields        | 3 |  3.2
Polearms       | 1 2 3 4 |  4.0
Armour         | 3 4 5 6 7 8 9 |  9.2
Dodging        | 1 2 3 |  3.4
Fighting       | 4 5 6 7 8 |  8.9
Long Blades    | 1 4 7 9 11 12 13 | 13.2
Stealth        | 1 2 |  2.5
Evocations     | 1 |  1.5
Axes           | |  2.0

Action                   |  1- 3 |  4- 6 |  7- 9 | 10-12 || total
-------------------------+-------+-------+-------+-------++-------
Melee: War axe           |    11 |       |       |       ||    11
       Spear             |    65 |   127 |       |       ||   192
       Tailslap          |     6 |    14 |    29 |    63 ||   112
       Great sword       |       |    19 |   190 |   380 ||   589
Evoke: Wand              |       |       |     1 |    10 ||    11
  Use: Potion            |     4 |     5 |     8 |     4 ||    21
       Scroll            |     3 |     5 |     9 |    12 ||    29
 Stab: Paralysed         |       |       |     4 |     4 ||     8
       Distracted        |       |       |       |     6 ||     6
Armor: Chain mail        |    39 |    53 |   159 |   246 ||   497
       Scale mail        |     2 |       |       |       ||     2
       Skin              |    25 |       |       |       ||    25
       Plate armour      |       |       |       |    85 ||    85
Dodge: Dodged            |    24 |    29 |    84 |   207 ||   344
Block: Buckler           |    18 |    15 |       |       ||    33

Table legend: (Time is in decaauts)
 A = Elapsed time spent in this place.
 B = Non-inter-level travel time spent in this place.
 C = Inter-level travel time spent in this place.
 D = Time resting spent in this place.
 E = Time spent auto-exploring this place.
 F = Levels seen in this place.
 G = Mean time per level.
                   A        B        C        D        E       F      G
               +--------+--------+--------+--------+--------+-----+--------+
         Total |  16420 |  15656 |    764 |   4609 |   8966 |  12 | 1368.3 |
       Dungeon |  13690 |  12983 |    707 |   3719 |   7542 |  10 | 1369.0 |
          Lair |   2730 |   2673 |     57 |    890 |   1424 |   2 | 1365.0 |
               +--------+--------+--------+--------+--------+-----+--------+

Top non-repeatable levels by time:
  Lair:1: 2653 daAuts
     D:8: 2578 daAuts
     D:7: 1845 daAuts
     D:6: 1733 daAuts
    D:10: 1724 daAuts
     D:5: 1375 daAuts
     D:9: 1240 daAuts
     D:2: 1052 daAuts
     D:3: 822 daAuts
     D:1: 687 daAuts
     D:4: 630 daAuts
  Lair:2: 77 daAuts
